 Dungeon Crawl Stone Soup version 0.23.1-37-gaa34b87 (webtiles) character file.

Game seed: 1195309210117227090

20647 misha the Severer (level 12, -12/113 HPs)
             Began as a Minotaur Fighter on Mar 23, 2019.
             Was an Elder of Trog.
             Killed by nerve-wracking pain
             ... invoked by a hell knight
              (14 damage)
             ... on level 12 of the Dungeon.
             The game lasted 00:36:58 (12772 turns).

misha the Severer (Minotaur Fighter)               Turns: 12772, Time: 00:37:01

Health: -12/113    AC: 22    Str: 26    XL:     12   Next: 47%
Magic:  6/11       EV:  6    Int:  8    God:    Trog [****..]
Gold:   751        SH: 13    Dex: 10    Spells: 11/11 levels left

rFire    . . .     SeeInvis .   L - +1 war axe (flame)
rCold    . . .     Gourm    .   c - +0 shield
rNeg     . . .     Faith    .   A - +4 plate armour
rPois    .         Spirit   .   T - +2 hat {Int+3}
rElec    .         Reflect  .   F - +1 cloak
rCorr    .         Harm     .   M - +2 pair of gloves
MR       .....                  (no boots)
Stlth    ..........             (no amulet)
HPRegen  0.28/turn              (no ring)
MPRegen  0.12/turn              (no ring)

@: berserk cooldown, flying, starving, slowed, very slow
A: retaliatory headbutt, horns 2
a: Berserk, Trog's Hand, Brothers in Arms, Renounce Religion


You were on level 12 of the Dungeon.
You worshipped Trog.
Trog was greatly pleased with you.
You were starving.

You visited 2 branches of the dungeon, and saw 14 of its levels.

You collected 751 gold pieces.

Inventory:

Hand Weapons
 a - the +4 morningstar "Tokompu" {antimagic, rC+ rN+}
   (You found it on level 9 of the Dungeon)

   It reduces the magical energy of the wielder, and disrupts the spells and
   magical abilities of those hit.
   Natural abilities and divine invocations are not affected.
   It protects you from cold.
   It protects you from negative energy.
 L - a +1 war axe of flaming (weapon)
Missiles
 o - 21 tomahawks (quivered)
 s - 79 poisoned needles
 N - 6 javelins
 S - a throwing net
Armour
 c - a +0 shield (worn)
 r - a +0 ring mail of fire resistance
 A - a +4 plate armour (worn)
 F - a +1 cloak (worn)
 M - a +2 pair of gloves (worn)
 T - a +2 hat of intelligence (worn)
Jewellery
 E - a +6 ring of strength
 O - an uncursed ring of flight
 R - an uncursed amulet of magic regeneration {unknown}
 W - an uncursed amulet of magic regeneration {unknown}
 Z - an uncursed ring of protection from magic
Wands
 q - a wand of iceblast (14)
 t - a wand of random effects (16)
 I - a wand of disintegration (29)
 J - a wand of digging (4)
 P - a wand of polymorph (4)
Scrolls
 b - 7 scrolls of teleportation
 g - 2 scrolls of fog {unknown}
 h - 4 scrolls of remove curse
 m - a scroll of enchant weapon {unknown}
 n - a scroll of blinking {unknown}
 u - a scroll of magic mapping
 w - a scroll of fear {unknown}
 B - 2 scrolls of enchant armour
 D - 2 scrolls of immolation {unknown}
 Q - a scroll of torment {unknown}
 Y - 2 scrolls of identify
Potions
 d - 3 potions of might
 e - a potion of curing
 i - 3 potions of haste
 j - a potion of invisibility
 k - 2 potions of agility
 l - a potion of lignification {unknown}
 p - a potion of magic
 x - a potion of mutation {unknown}
 z - 5 potions of degeneration
 C - a potion of flight
 G - a potion of berserk rage {unknown}
 H - a potion of brilliance
 X - a potion of resistance {unknown}
Miscellaneous
 U - a fan of gales
 V - a sack of spiders
Comestibles
 f - 17 rations


   Skills:
 + Level 12.7 Fighting
 * Level 16.7 Axes
 - Level 3.6 Armour
 + Level 12.7 Shields


You had 11 spell levels left.
You didn't know any spells.
Your spell library was empty.

Dungeon Overview and Level Annotations

Branches:
Dungeon (13/15)            Temple (1/1) D:7            Lair (0/6) D:11
    Orc (0/2) D:11
 Vaults: D:13-14

Altars:
Ashenzari
Cheibriados
Dithmenos
Elyvilon
Fedhas
Gozag
Hepliaklqana
Kikubaaqudgha
Makhleb
Nemelex Xobeh
Okawaru
Qazlal
Ru
Sif Muna
Trog
Uskayaw
Vehumet
Wu Jian
Xom
Yredelemnul
Zin
The Shining One

Shops:
D:11 ?

Annotations:
D:8 exclusion: obsidian statue
D:9 statue
D:12 Sonja
D:13 Erica, Rupert


Innate Abilities, Weirdness & Mutations

You reflexively headbutt those who attack you in melee.
You have a pair of horns on your head.


Message History

Unknown command.
It was a potion of heal wounds.
You feel much better.
The hell knight hits you with a +5 demon whip!
* * * LOW HITPOINT WARNING * * *
Sonja unwields a +0 blowgun.
Sonja wields a +1 dagger of distortion.
Its appearance distorts for a moment.
Sonja hits you but does no damage. Space warps horribly around you!
* * * LOW HITPOINT WARNING * * *
Sonja hits you but does no damage. Space bends around you.
* * * LOW HITPOINT WARNING * * *
You block Sonja's attack. Something completely misses you.
The hell knight hits you but does no damage.
Your ogre goes berserk!
You are starving!
Trog will no longer gift you weapons.
Sonja gestures wildly while chanting.
Sonja blinks!
The hell knight casts a spell at you. Pain shoots through your body!
You die...

.....#.........###......##.....(#
...............##..##.###.......#
...................##∩.###......#
...................##..##.......#
.........K.............##........
.......................#.........
................O...........#....
........##...............(.###...
##....#..#.....p@.)..............
##.###.##.....§.{.......#.).).#.
###.###.##..............##.._..##
.....##.#................#.).).#.
...####.....#....................
#.## #.#...##.#...........###...
#.### #.##....##......#.....#....
#.#.###..##...[#......#..........
.....#.............#.##...##..#.#


You could see a hell knight, Sonja and a friendly ogre (berserk).

Vanquished Creatures
  Gastronok (D:9)
  A death yak (D:10)
  A two-headed ogre (D:12)
  3 unseen horrors
  Pikel (D:9)
  3 ugly things
  A manticore (D:12)
  Psyche (D:9)
  Maurice (D:9)
  4 gargoyles (D:11)
  A freezing wraith (D:9)
  A komodo dragon (D:9)
  4 trolls
  A hornet (D:12)
  2 hippogriffs
  4 slime creatures
  Sigmund (D:2)
  4 wyverns
  11 yaks
  A steam dragon (D:8)
  A basilisk (D:11)
  3 hungry ghosts
  2 acid dragons
  A water moccasin (D:10)
  5 ice beasts
  A black bear (D:7)
  5 orc warriors
  2 slaves (D:9)
  2 necrophages
  4 phantoms
  11 ogres
  2 crocodiles
  10 centaurs
  A big kobold (D:12)
  11 bullfrogs
  A gnoll sergeant (D:5)
  A wyvern zombie (D:12)
  A scorpion (D:6)
  A wyvern skeleton (D:11)
  4 killer bees (D:12)
  4 wights
  2 howler monkeys
  2 crimson imps
  A quasit (D:10)
  6 jellies
  6 hounds
  A centaur zombie (D:8)
  3 orc priests
  A gnoll shaman (D:9)
  5 bullfrog skeletons
  7 orc wizards
  6 iguanas
  7 worker ants
  A hound skeleton (D:9)
  A howler monkey skeleton (D:8)
  6 gnolls
  17 adders
  2 shadow imps
  An adder zombie (D:6)
  An adder skeleton (D:9)
  4 worms
  2 dart slugs
  6 leopard geckos
  34 orcs
  5 giant cockroaches
  6 goblins
  6 hobgoblins
  11 jackals
  13 kobolds
  A quokka (D:4)
  10 bats
  5 frilled lizards
  A jackal skeleton (D:5)
  2 leopard gecko zombies
  7 rats
309 creatures vanquished.

Vanquished Creatures (others)
  A slave (D:9)
  A sky beast (D:12)
2 creatures vanquished.

Grand Total: 311 creatures vanquished

Notes
Turn   | Place    | Note
-------+----------+-------------------------------------------
     0 | D:1      | misha the Minotaur Fighter began the quest for the Orb.
     0 | D:1      | Reached XP level 1. HP: 19/19 MP: 0/0
   113 | D:1      | Reached XP level 2. HP: 27/27 MP: 1/1
   121 | D:1      | Reached skill level 3 in Axes
   494 | D:1      | Reached XP level 3. HP: 30/33 MP: 2/2
   769 | D:2      | Noticed Sigmund
   809 | D:2      | Found a faded altar of an unknown god.
  1159 | D:2      | Killed Sigmund
  1159 | D:2      | Reached skill level 5 in Axes
  1159 | D:2      | Reached XP level 4. HP: 13/41 MP: 3/3
  1159 | D:2      | Reached XP level 5. HP: 15/47 MP: 4/4
  1383 | D:2      | Found an ornate altar of the Wu Jian Council.
  2185 | D:3      | Reached skill level 5 in Shields
  2209 | D:3      | Reached skill level 5 in Fighting
  2323 | D:3      | Reached XP level 6. HP: 35/56 MP: 5/5
  3045 | D:4      | Reached skill level 6 in Axes
  3633 | D:4      | Found a sparkling altar of Nemelex Xobeh.
  3778 | D:4      | Noticed an orc warrior
  3797 | D:4      | Killed an orc warrior
  3797 | D:4      | Reached XP level 7. HP: 11/62 MP: 6/6
  4079 | D:4      | Reached skill level 7 in Axes
  4341 | D:5      | Entered Level 5 of the Dungeon
  4563 | D:5      | Reached skill level 8 in Axes
  4564 | D:5      | Found a white marble altar of Elyvilon.
  4564 | D:5      | Found a faded altar of an unknown god.
  4643 | D:5      | Found a burning altar of Makhleb.
  4645 | D:5      | Found a radiant altar of Vehumet.
  4646 | D:5      | Found a stormy altar of Qazlal.
  4786 | D:6      | Reached XP level 8. HP: 26/71 MP: 7/7
  5241 | D:6      | Reached skill level 9 in Axes
  6003 | D:7      | Noticed a +0 dagger
  6043 | D:7      | Reached skill level 10 in Axes
  6212 | D:7      | Found a staircase to the Ecumenical Temple.
  6312 | D:7      | Found a hide-covered altar of Uskayaw.
  6314 | D:7      | Noticed a +0 hand axe
  6325 | D:7      | Reached XP level 9. HP: 81/81 MP: 8/8
  6746 | Temple   | Entered the Ecumenical Temple
  6812 | Temple   | Became a worshipper of Trog the Wrathful
  6952 | D:8      | Reached skill level 11 in Axes
  7162 | D:8      | Noticed a troll
  7172 | D:8      | Killed a troll
  7672 | D:8      | Noticed an obsidian statue
  7989 | D:9      | Reached * piety under Trog
  8045 | D:9      | Found a shattered altar of Ashenzari.
  8079 | D:9      | Reached skill level 12 in Axes
  8148 | D:9      | Noticed a komodo dragon
  8148 | D:9      | Noticed a red ugly thing
  8151 | D:9      | Killed a red ugly thing
  8151 | D:9      | Reached XP level 10. HP: 91/91 MP: 9/9
  8431 | D:9      | Noticed Psyche
  8441 | D:9      | Killed Psyche
  8446 | D:9      | Reached skill level 10 in Fighting
  8446 | D:9      | Reached skill level 10 in Shields
  8449 | D:9      | Reached skill level 13 in Axes
  8574 | D:9      | Noticed Pikel
  8607 | D:9      | Killed Pikel
  8642 | D:9      | Noticed Maurice
  8658 | D:9      | Killed Maurice
  8672 | D:9      | Reached ** piety under Trog
  8926 | D:9      | Noticed Gastronok
  8939 | D:9      | Killed Gastronok
  8939 | D:9      | Reached skill level 14 in Axes
  8939 | D:9      | Reached XP level 11. HP: 61/101 MP: 10/10
  9170 | D:9      | Got a crystal morningstar
  9229 | D:10     | Entered Level 10 of the Dungeon
  9267 | D:10     | Killed an unseen horror
 10226 | D:11     | Noticed a green ugly thing
 10230 | D:11     | Found Unealamp's Magic Scroll Shoppe.
 10247 | D:10     | Reached *** piety under Trog
 10253 | D:10     | Killed a green ugly thing
 10253 | D:10     | Reached skill level 15 in Axes
 10382 | D:11     | Noticed a death yak
 10404 | D:10     | Killed a death yak
 11191 | D:11     | Reached XP level 12. HP: 110/112 MP: 11/11
 11240 | D:11     | Found a staircase to the Lair.
 11291 | D:11     | Found a staircase to the Orcish Mines.
 11716 | D:12     | Reached **** piety under Trog
 11729 | D:12     | Reached skill level 16 in Axes
 12377 | D:12     | Found an iron altar of Okawaru.
 12481 | D:12     | Noticed a two-headed ogre
 12494 | D:12     | Killed a two-headed ogre
 12543 | D:12     | Identified the +4 morningstar "Tokompu" {antimagic, rC+
                  | rN+} (You found it on level 9 of the Dungeon)
 12592 | D:12     | Noticed Sonja
 12742 | D:13     | Noticed Erica
 12757 | D:13     | Reached ***** piety under Trog
 12764 | D:13     | Noticed a centaur warrior
 12764 | D:13     | Noticed Rupert
 12771 | D:12     | HP: 2/113 [Sonja/+1 dagger of distortion (7)]
 12772 | D:12     | Killed from afar by a hell knight

Skill      XL: |  1  2  3  4  5  6  7  8  9 10 11 12 |
---------------+-------------------------------------+-----
Axes           | 3 5 6 8 10 12 14 15 16 | 16.7
Fighting       | 4 5 6 7 9 10 12 | 12.7
Shields        | 4 5 6 7 9 10 12 | 12.7
Armour         | |  3.6

Action                   |  1- 3 |  4- 6 |  7- 9 | 10-12 || total
-------------------------+-------+-------+-------+-------++-------
Melee: War axe           |    62 |   175 |   262 |   403 ||   902
       Headbutt          |     8 |    24 |    63 |   100 ||   195
       Morningstar       |       |       |       |     6 ||     6
Invok: Berserk           |       |       |     1 |     3 ||     4
       Brothers in Arms  |       |       |       |     1 ||     1
  Use: Potion            |       |     1 |       |     3 ||     4
       Scroll            |       |       |     7 |     6 ||    13
  Eat: Ration            |       |     1 |     2 |     3 ||     6
       Chunk             |       |     5 |    14 |     7 ||    26
Armor: Scale mail        |    28 |    35 |       |       ||    63
       Chain mail        |       |    30 |       |       ||    30
       Plate armour      |       |    10 |   109 |   267 ||   386
Dodge: Dodged            |    23 |    41 |    41 |    87 ||   192
Block: Shield            |    35 |    86 |   126 |   280 ||   527
